 Dungeon Crawl Stone Soup version 0.21.1-1-g345015fe64 (webtiles) character file.

25020 Gunterle the Carver (level 13, -15/90 HPs)
             Began as an Octopode Berserker on July 22, 2018.
             Was a High Priest of Trog.
             Engulfed by a fire crab's flame (30 damage)
             ... on level 2 of the Lair of Beasts.
             The game lasted 01:24:36 (16958 turns).

Gunterle the Carver (Octopode Berserker)           Turns: 16958, Time: 01:24:36

Health: -15/90     AC:  2    Str: 16    XL:     13   Next: 16%
Magic:  19/19      EV: 19    Int: 15    God:    Trog [*****.]
Gold:   375        SH:  8    Dex: 15    Spells: 12/12 levels left

rFire    . . .     SeeInvis +   t - +8 scimitar "Noguom" {drain, Int+4}
rCold    . . .     Gourm    .   d - +3 buckler
rNeg     + + +     Faith    .   (helmet restricted)
rPois    +         Spirit   .   T - amulet of rage
rElec    .         Reflect  .   f - ring of see invisible
rCorr    .         Harm     .   C - ring of protection from magic
MR       +....                  M - ring of poison resistance
Stlth    ++++++....             P - ring of positive energy
HPRegen  0.25/turn              Z - ring of positive energy (curse)
MPRegen  0.16/turn              X - +1 ring of protection
                                B - ring of positive energy
                                (no ring)

@: berserk cooldown, very slightly contaminated, slowed, invisible, very slow
A: almost no armour, stealthy swim, amphibious, 8 rings, constrict 8, camouflage
1, gelatinous body 1
a: Berserk, Trog's Hand, Brothers in Arms, Burn Spellbooks, Renounce Religion,
Evoke Berserk Rage


You were on level 2 of the Lair of Beasts.
You worshipped Trog.
Trog was extremely pleased with you.
You were not hungry.

You visited 3 branches of the dungeon, and saw 15 of its levels.
You also visited: Volcano.

You collected 1214 gold pieces.
You spent 839 gold pieces at shops.

Inventory:

Hand Weapons
 a - a +6 double sword of flaming
 m - a +4 short sword
 o - a +5 antimagic long sword
 t - the +8 scimitar "Noguom" (weapon) {drain, Int+4}
   (You bought it in a shop on level 10 of the Dungeon)

   A truly terrible weapon, it drains the life of those it strikes.
   It affects your intelligence (+4).
 w - a +6 scimitar of holy wrath
 W - a +3 dagger
Missiles
 p - 12 bolts
 F - 16 tomahawks (quivered)
Armour
 d - a +3 buckler (worn)
Jewellery
 f - a ring of see invisible (left tentacle)
 B - a ring of positive energy (on tentacle)
 C - a ring of protection from magic (right tentacle)
 M - a ring of poison resistance (on tentacle)
 P - a ring of positive energy (on tentacle)
 T - an amulet of rage (around mantle)
 X - a +1 ring of protection (on tentacle)
 Z - a cursed ring of positive energy (on tentacle)
Wands
 q - a wand of disintegration (21)
 K - a wand of flame (23)
 N - a wand of paralysis (43)
 Y - a wand of acid (9)
Scrolls
 c - a scroll of fear
 r - a scroll of teleportation
 u - 4 scrolls of remove curse
 v - 2 scrolls of fog
 y - a scroll of noise
 U - a scroll of silence {unknown}
Potions
 g - 3 potions of flight
 h - a potion of mutation
 i - a potion of might {unknown}
 j - 3 potions of ambrosia
 k - a potion of invisibility
 l - 6 potions of curing
 n - 2 potions of berserk rage {unknown}
 s - 4 potions of degeneration
 x - a potion of lignification {unknown}
 z - a potion of agility {unknown}
Books
 e - a book of Maledictions

   Spells                             Type                      Level
   a - Corona                         Hexes                        1
   b - Ensorcelled Hibernation        Hexes/Ice                    2
   c - Confuse                        Hexes                        3
   d - Tukima's Dance                 Hexes                        3
   e - Dazzling Spray                 Conjuration/Hexes            3
   Trog disapproves of the use of such an item.
 E - a book of Misfortune

   Spells                             Type                      Level
   a - Confusing Touch                Hexes                        1
   b - Confuse                        Hexes                        3
   c - Gell's Gravitas                Translocation                3
   d - Petrify                        Transmutation/Earth          4
   e - Metabolic Englaciation         Hexes/Ice                    5
   f - Yara's Violent Unravelling     Hexes/Transmutation          5
   Trog disapproves of the use of such an item.
Comestibles
 b - 28 rations


   Skills:
 + Level 9.6 Fighting
 * Level 12.8 Long Blades
 + Level 9.5 Dodging
 + Level 12.4 Stealth
 - Level 4.0 Shields
 + Level 8.5 Evocations


You had 12 spell levels left.
You didn't know any spells.

Dungeon Overview and Level Annotations

Branches:
Dungeon (11/15)            Temple (0/1) D:4            Lair (2/6) D:11
    Orc (2/2) D:10
  Swamp: Lair:2-4    Shoals: Lair:2-4     Snake: Lair:2-4    Spider: Lair:2-4
    Elf: Orc:2

Altars:
Fedhas
Nemelex Xobeh
Okawaru
Qazlal
Trog
Uskayaw
Xom
Yredelemnul
Beogh

Shops:
D:5 =*   D:10 [*:

Portals:
Trove: D:11 (show abyssal rune of Zot)


Innate Abilities, Weirdness & Mutations

You cannot wear most types of armour.
You are very stealthy in the water. (Stealth+)
You are amphibious.
You can wear up to eight rings at the same time.
You can use your tentacles to constrict eight enemies at once.
Your skin changes colour to match your surroundings (Stealth+).
Your rubbery body absorbs attacks. (AC +1, EV +1)


Message History

* * * LOW HITPOINT WARNING * * *
You are engulfed in flames!
* * * LOW HITPOINT WARNING * * *
Found a wand of paralysis (14).
You feel your anger nearly subside.
There is a rocky tunnel leading out of this place here.
You are no longer berserk.
You are exhausted.
You feel yourself slow down.
Welcome back to the Lair of Beasts!
There is a collapsed entrance here.
Blink to where?
Press: ? - help, Dir - move target cursor You are very lightly contaminated with residual magic.
As you read the scroll of blinking, it crumbles to dust.
You fade into invisibility!
The fire crab breathes flames at you. The blast of flame misses you.
You feel better.
You are engulfed in blazing flames.
You die...

,****,,,,,,,,,,,,*
,,***,...P,,******
,***,,.....**###
,***,,.....*##.##
,**,*,.....##...#
,,,,,,,,l...##§§##
,,,,,****#...#.§t##
,,,,,,* #...###§§#
,,,,,** *#..§§§@##
,,,,,* #..#####
*,,,,** #.....P#
,,,,,,* ##.....P#
,,,,,** #P.....##
,,,,,* #.......#
*,.,,* ##.....P#
*,...*** ##.....##
*,.....###P......#


You could see a fire crab.

Vanquished Creatures
  An orc warlord (Orc:1)
  A hydra (D:8)
  2 two-headed ogres
  2 unseen horrors
  Pikel (D:7)
  An oklob plant (Orc:1)
  A black mamba (Lair:1)
  The ghost of originalK the Chopper, a novice HOFi of Beogh (D:5)
  Psyche (D:9)
  A spiny frog (Lair:1)
  A gargoyle (D:11)
  A rime drake (Lair:1)
  A kobold demonologist (D:8)
  3 trolls
  Prince Ribbit (D:7)
  13 blink frogs (Lair:1)
  7 hippogriffs
  A wyvern (D:9)
  3 spriggans (Lair:1)
  A wraith (D:8)
  13 yaks
  6 fire bats (Volcano)
  2 hogs (D:11)
  A human (D:11)
  2 steam dragons (Volcano)
  A hungry ghost (D:10)
  3 wargs (Orc:1)
  5 hell hounds
  3 water moccasins
  4 porcupines
  9 black bears
  11 orc warriors
  3 ice beasts
  2 sky beasts
  A phantom (D:5)
  3 necrophages (D:8)
  7 ogres
  11 centaurs
  2 big kobolds (D:11)
  7 crocodiles
  8 bullfrogs
  A wyvern zombie (D:8)
  A wyvern skeleton (D:8)
  A scorpion (D:8)
  6 killer bees
  6 howler monkeys
  3 crimson imps
  A bullfrog zombie (D:8)
  10 orc wizards
  Crazy Yiuf (D:3)
  2 jellies
  8 orc priests
  13 hounds
  2 bullfrog skeletons
  A centaur skeleton (D:7)
  2 iguanas
  2 worker ants
  A killer bee zombie (D:8)
  3 hound zombies
  A hound skeleton (D:11)
  A worker ant zombie (D:7)
  2 howler monkey skeletons
  8 adders
  3 shadow imps
  2 adder zombies
  2 oozes
  2 adder skeletons
  A worm (D:2)
  4 dart slugs
  4 leopard geckos
  71 orcs
  2 ball pythons
  3 giant cockroaches
  12 goblins
  7 hobgoblins (D:1)
  6 jackals
  18 kobolds
  2 quokkas
  6 bats
  10 frilled lizards
  2 leopard gecko skeletons (D:4)
  7 rats
  6 fungi (D:11)
  7 plants
401 creatures vanquished.

Vanquished Creatures (others)
  A slave (D:7)
  A howler monkey skeleton (D:7)
  4 bushes (D:8)
  24 fungi (D:11)
  19 plants
49 creatures vanquished.

Grand Total: 450 creatures vanquished

Notes
Turn   | Place    | Note
-------+----------+-------------------------------------------
     0 | D:1      | Gunterle the Octopode Berserker began the quest for the Orb.
     0 | D:1      | Reached XP level 1. HP: 16/16 MP: 1/1
   115 | D:1      | Reached XP level 2. HP: 11/21 MP: 2/2
   275 | D:1      | Reached skill level 1 in Stealth
   541 | D:1      | Reached XP level 3. HP: 24/26 MP: 3/3
   727 | D:1      | Reached ** piety under Trog
   886 | D:2      | Reached skill level 1 in Shields
  1156 | D:2      | Found a bloodstained altar of Trog.
  1172 | D:2      | Noticed a sky beast
  1185 | D:2      | Killed a sky beast
  1185 | D:2      | Reached XP level 4. HP: 28/32 MP: 4/4
  1185 | D:2      | Reached XP level 5. HP: 32/36 MP: 5/5
  2468 | D:3      | Reached XP level 6. HP: 43/43 MP: 6/6
  2486 | D:3      | Found a runed door.
  2591 | D:3      | Reached *** piety under Trog
  2796 | D:3      | Noticed Crazy Yiuf
  2800 | D:3      | Killed Crazy Yiuf
  3047 | D:4      | Found a staircase to the Ecumenical Temple.
  3441 | D:4      | HP: 2/64 [ogre/giant spiked club (25)]
  3442 | D:4      | Reached skill level 5 in Long Blades
  3442 | D:4      | Reached XP level 7. HP: 3/48 MP: 7/7
  4037 | D:5      | Entered Level 5 of the Dungeon
  4268 | D:5      | Found a sparkling altar of Nemelex Xobeh.
  4273 | D:5      | Found Geudghiyf's Jewellery Boutique.
  4365 | D:5      | Found Sibles's Assorted Antiques.
  4369 | D:5      | Bought a glowing scimitar for 210 gold pieces
  4505 | D:5      | Reached XP level 8. HP: 54/54 MP: 8/8
  4605 | D:5      | Noticed originalK's ghost (novice HOFi)
  4606 | D:5      | Reached skill level 5 in Stealth
  4622 | D:5      | Killed originalK's ghost
  4622 | D:5      | Reached skill level 5 in Fighting
  4622 | D:5      | Reached skill level 5 in Dodging
  4929 | D:5      | Found a shimmering altar of Xom.
  4932 | D:5      | Found a stormy altar of Qazlal.
  4934 | D:5      | Got a dazzling flail
  5481 | D:6      | Found a bloodstained altar of Trog.
  5654 | D:6      | Reached **** piety under Trog
  5864 | D:6      | Reached skill level 1 in Evocations
  5864 | D:6      | Reached XP level 9. HP: 59/61 MP: 9/9
  5965 | D:6      | Found an iron altar of Okawaru.
  6413 | D:7      | Noticed Prince Ribbit
  6429 | D:7      | Killed Prince Ribbit
  7305 | D:7      | Noticed Pikel
  7315 | D:7      | Killed Pikel
  7315 | D:7      | Reached XP level 10. HP: 69/69 MP: 12/12
  8223 | D:8      | Found a basalt altar of Yredelemnul.
  8405 | D:8      | Noticed a kobold demonologist
  8409 | D:8      | Killed a kobold demonologist
  8409 | D:8      | Reached ***** piety under Trog
  9086 | D:8      | Reached skill level 5 in Evocations
  9140 | D:8      | Found a blossoming altar of Fedhas.
  9329 | D:8      | Noticed a four-headed hydra
  9356 | D:8      | Killed a four-headed hydra
  9356 | D:8      | Reached skill level 10 in Long Blades
  9356 | D:8      | Reached XP level 11. HP: 56/75 MP: 14/14
  9709 | D:9      | Found a hide-covered altar of Uskayaw.
  9973 | D:9      | Noticed Psyche
  9983 | D:9      | Killed Psyche
 10344 | D:9      | Noticed a two-headed ogre
 10349 | D:9      | Killed a two-headed ogre
 10349 | D:9      | Reached skill level 10 in Stealth
 10775 | D:10     | Entered Level 10 of the Dungeon
 10818 | D:10     | Found a staircase to the Orcish Mines.
 10827 | D:10     | Received a gift from Trog
 11065 | D:10     | Found Dutis's Assorted Antiques.
 11084 | D:10     | Bought a polished scimitar for 306 gold pieces
 11084 | D:10     | Identified the +8 scimitar "Noguom" {drain, Int+4} (You bought it in a shop on level 10 of the Dungeon)
 11323 | D:10     | Found Uciesab's Armour Shop.
 11323 | D:10     | Noticed a two-headed ogre
 11332 | D:10     | Killed a two-headed ogre
 11415 | D:10     | Noticed an unseen horror
 11421 | D:10     | Killed an unseen horror
 11482 | D:10     | Found Gunopeiq's Book Boutique.
 11747 | Orc:1    | Entered Level 1 of the Orcish Mines
 11747 | Orc:1    | Found a roughly hewn altar of Beogh.
 12112 | Orc:1    | Noticed an oklob plant
 12513 | Orc:1    | Killed an oklob plant
 12614 | Orc:2    | Entered Level 2 of the Orcish Mines
 12614 | Orc:2    | Noticed an orc warlord
 12614 | Orc:2    | Noticed an orc warlord
 12618 | Orc:2    | Noticed an orc sorcerer
 12779 | Orc:1    | Killed an orc warlord
 12779 | Orc:1    | Reached XP level 12. HP: 74/84 MP: 17/17
 12976 | D:10     | Bought a scroll of enchant weapon for 255 gold pieces
 12976 | D:10     | Bought a scroll of identify for 68 gold pieces
 13242 | D:11     | Found a portal to a secret trove of treasure.
 13531 | D:11     | Received a gift from Trog
 13901 | D:11     | Found a staircase to the Lair.
 14392 | Lair:1   | Entered Level 1 of the Lair of Beasts
 16004 | Lair:1   | Reached XP level 13. HP: 90/90 MP: 19/19
 16866 | Lair:2   | Found a dark tunnel.
 16874 | Volcano  | Entered a volcano
 16958 | Lair:2   | Engulfed by a fire crab's flame

Skill      XL: |  1  2  3  4  5  6  7  8  9 10 11 12 |
---------------+-------------------------------------+-----
Stealth        | 1 2 3 4 6 7 9 11 12 | 12.4
Shields        | 1 2 3 4 |  4.0
Long Blades    | 4 5 7 8 10 11 12 | 12.8
Dodging        | 4 5 6 7 8 9 |  9.5
Fighting       | 4 5 6 7 8 9 |  9.6
Evocations     | 1 3 5 7 8 |  8.5

Action                   |  1- 3 |  4- 6 |  7- 9 | 10-12 | 13-15 || total
-------------------------+-------+-------+-------+-------+-------++-------
Melee: Falchion          |    70 |    37 |       |       |       ||   107
       Constrict         |    21 |    28 |    24 |   101 |     8 ||   182
       Tentacles         |    13 |    24 |    48 |   126 |     5 ||   216
       Dagger            |       |    68 |   104 |    62 |     5 ||   239
       Scimitar          |       |       |    53 |   302 |    16 ||   371
       Double sword      |       |       |       |   156 |    13 ||   169
Throw: Tomahawk          |       |       |     1 |     4 |       ||     5
Invok: Berserk           |     2 |     2 |     9 |    10 |     2 ||    25
       Trog's Hand       |       |       |       |       |     1 ||     1
Evoke: Wand              |       |       |       |    15 |     1 ||    16
  Use: Scroll            |       |     3 |     8 |    17 |     5 ||    33
       Potion            |       |       |       |     3 |     4 ||     7
 Stab: Sleeping          |     7 |    12 |     6 |    32 |     4 ||    61
       Distracted        |       |       |       |     6 |       ||     6
       Paralysed         |       |       |       |       |     1 ||     1
  Eat: Chunk             |     2 |     9 |     7 |    36 |     4 ||    58
       Ration            |       |       |     4 |       |     1 ||     5
Armor: Skin              |     6 |     7 |     4 |    14 |     2 ||    33
Dodge: Dodged            |    40 |    67 |    94 |   243 |    26 ||   470
Block: Buckler           |     7 |    19 |    45 |   159 |    16 ||   246
       Rpst.: Falchion   |     8 |     8 |       |       |       ||    16
       Scimitar          |       |       |     3 |    47 |     6 ||    56
       Double sword      |       |       |       |    19 |     2 ||    21
